 Dungeon Crawl Stone Soup version 0.29.1-1-gd02db6906a (webtiles) character file.

Game seed: 4283696125628218703

478 Revguard the Chopper (level 6, 0/47 HPs)
             Began as a Demonspawn Gladiator on Oct 5, 2022.
             Succumbed to a killer bee's poison
             ... on level 4 of the Dungeon.
             The game lasted 00:06:54 (3436 turns).

Revguard the Chopper (Demonspawn Gladiator)         Turns: 3436, Time: 00:06:55

Health: 0/47       AC: 10    Str: 16    XL:     6   Next: 86%
Magic:  8/8        EV: 10    Int: 10    God:
Gold:   114        SH:  0    Dex: 14    Spells: 5/5 levels left

rFire   + . .      SeeInvis .   a - +0 war axe
rCold   . . .      Faith    .   (no shield)
rNeg    . . .      Spirit   .   d - +3 chain mail {rPois}
rPois   +          Reflect  .   c - +0 helmet
rElec   .          Harm     .   (no cloak)
rCorr   .          Rampage  .   (no gloves)
Will    .....                   p - +0 pair of boots
Stlth   ..........              (no amulet)
HPRegen 0.15/turn               l - ring of flight
MPRegen 0.11/turn               (no ring)

@: lethally poisoned (0 -> -2), flying
A: repulsion field 1, ignite blood 1, spiny 1, deformed body, fire resistance 1,
MP-powered wands
a: no special abilities


You were on level 4 of the Dungeon.
You visited 1 branch of the dungeon, and saw 4 of its levels.

You collected 114 gold pieces.

Inventory:

Hand Weapons
 a - a +0 war axe (weapon)
Missiles
 b - a throwing net (quivered)
 e - a javelin
Armour
 c - a +0 helmet (worn)
 d - a +3 chain mail of poison resistance (worn)
 p - a +0 pair of boots (worn)
Jewellery
 l - a ring of flight (left hand)
Scrolls
 n - 2 scrolls of teleportation
Potions
 g - a potion of magic
 h - 4 potions of heal wounds
 i - a potion of might
 j - a potion of flight


   Skills:
 + Level 3.5 Fighting
 + Level 3.8 Axes
 - Level 1.7 Throwing
 + Level 2.3 Armour
 + Level 3.6 Dodging
 + Level 3.6 Invocations
 + Level 2.6 Evocations


You had 5 spell levels left.
You didn't know any spells.
Your spell library contained the following spells:

 Spells                   Type           Power      Damage    Failure   Level
 Conjure Flame            Conj/Fire      0%         6-21      100%        3
 Ignite Poison            Fire/Tmut/Pois 0%         N/A       100%        3
 Sticky Flame             Conj/Fire      0%         2d3       100%        4
 Dispersal                Tloc           0%         N/A       100%        6
 Disjunction              Tloc           0%         N/A       100%        8


Dungeon Overview and Level Annotations

Branches:
Dungeon (4/15)
 Temple: D:4-7

Altars:


Innate Abilities, Weirdness & Mutations

You are surrounded by a mild repulsion field. (EV +2)
Your demonic aura sometimes causes spilled blood to erupt in flames.
You are partially covered in sharp spines.
Armour fits poorly on your strangely shaped body.
Your flesh is heat resistant. (rF+)
You expend magic power (3 MP) to strengthen your wands.


Message History

The phantom is struck by your spines.
The phantom hits you but does no damage.
You slash the phantom!
You destroy the phantom!
The killer bee is struck by your spines.
The killer bee stings you.
You hit the killer bee.
The killer bee is heavily wounded.
The killer bee stings you. x2
You are poisoned.
The killer bee poisons you!
The killer bee is struck by your spines.
The killer bee stings you but does no damage.
You completely miss the killer bee.
The killer bee is severely wounded.
You feel very sick.
The killer bee is struck by your spines.
The killer bee stings you but does no damage.
The killer bee is struck by your spines.
You kill the killer bee!
You hit the iguana.
The iguana is lightly wounded.
You feel sick.
The iguana bites you but does no damage.
You hit the iguana but do no damage.
The iguana is lightly wounded.
You feel sick. The iguana bites you!
You completely miss the iguana.
The iguana is lightly wounded.
You feel sick. The iguana is struck by your spines. The iguana bites you!
* * * LOW HITPOINT WARNING * * *
You closely miss the iguana.
The iguana is moderately wounded.
You feel sick.
The iguana bites you but does no damage.
The iguana bites you!
* * * LOW HITPOINT WARNING * * *
You closely miss the iguana.
The iguana is moderately wounded.
You die... #.# ..... #.# ... #########.# <.. #.....†.>.# yyy

#.#########
#l# #.# #y#
#.# #l# #.#
#@# #.# #.#
#.# #.# #.#
#.######.#
#........#
##########


You could see 2 iguanas and 4 killer bees.

Vanquished Creatures
  A black bear (D:3)
  A phantom (D:4)
  A scorpion (D:4)
  A killer bee (D:4)
  Terence (D:2)
  10 gnolls (D:3)
  2 adders (D:3)
  2 dart slugs
  A worm (D:2)
  An orc (D:3)
  An endoplasm (D:2)
  7 goblins
  9 hobgoblins
  2 jackals (D:3)
  3 quokkas
  8 ball pythons
  5 bats
  4 frilled lizards
  10 kobolds
  2 rats
72 creatures vanquished.

Notes
Turn   | Place    | Note
-------+----------+-------------------------------------------
     0 | D:1      | Revguard the Demonspawn Gladiator began the quest for the
                  | Orb.
     0 | D:1      | Reached XP level 1. HP: 16/16 MP: 1/1
   448 | D:1      | Gained mutation: You are surrounded by a mild repulsion
                  | field. (EV +2) [demonic ancestry]
   448 | D:1      | Reached XP level 2. HP: 13/22 MP: 2/2
   616 | D:1      | Reached skill level 1 in Invocations
  1220 | D:2      | Reached skill level 1 in Evocations
  1220 | D:2      | Reached XP level 3. HP: 20/27 MP: 3/3
  1637 | D:2      | Noticed Terence
  1654 | D:2      | Killed Terence
  1655 | D:2      | Reached skill level 1 in Armour
  1742 | D:2      | Found a faded altar of an unknown god.
  2045 | D:3      | Reached XP level 4. HP: 34/34 MP: 5/5
  2396 | D:3      | Gained mutation: Your demonic aura sometimes causes spilled
                  | blood to erupt in flames. [demonic ancestry]
  2396 | D:3      | Reached XP level 5. HP: 27/40 MP: 6/6
  2407 | D:3      | Gained mutation: You are somewhat resistant to further
                  | mutation. [potion of mutation]
  2408 | D:3      | Lost mutation: You are somewhat resistant to further
                  | mutation. [potion of mutation]
  2408 | D:3      | Gained mutation: Armour fits poorly on your strangely
                  | shaped body. [potion of mutation]
  2408 | D:3      | Gained mutation: Your flesh is heat resistant. (rF+)
                  | [potion of mutation]
  2408 | D:3      | Gained mutation: You expend magic power (3 MP) to
                  | strengthen your wands. [potion of mutation]
  2947 | D:3      | Noticed a black bear
  2955 | D:3      | Killed a black bear
  2956 | D:3      | Gained mutation: You are partially covered in sharp spines.
                  | [demonic ancestry]
  2956 | D:3      | Reached XP level 6. HP: 47/47 MP: 6/8
  3435 | D:4      | HP: 2/47 [iguana (11)]
  3436 | D:4      | Succumbed to a killer bee's poison

Illustrated notes

Levels and vault maps discovered:
D:1:      lightli_arrival_noodles, layout_basic, grunt_decor_fettered
D:2:      layout_basic, nicolae_ecumenical_oubliette,
          chequers_serial_rivers_micro_e, uniq_terence
D:3:      layout_basic
D:4:      layout_loops_ring, kennysheep_mini, minmay_temple_entry_overgrown,
          uniq_menkaure

Skill      XL: |  1  2  3  4  5  6 |
---------------+-------------------+-----
Invocations    | 1 2 3 |  3.6
Evocations     | 1 2 |  2.6
Axes           | 3 |  3.8
Armour         | 1 2 |  2.3
Dodging        | 3 |  3.6
Fighting       | 3 |  3.5
Throwing       | |  1.7

Action                   |  1- 3 |  4- 6 || total
-------------------------+-------+-------++-------
Melee: War axe           |   102 |    74 ||   176
       Punch             |     1 |     2 ||     3
Throw: Throwing net      |     3 |       ||     3
       Javelin           |       |     1 ||     1
  Use: Scroll            |     9 |     1 ||    10
       Potion            |     1 |     4 ||     5
 Stab: Sleeping          |     1 |       ||     1
       Held in net/web   |     1 |       ||     1
Armor: Leather armour    |    19 |       ||    19
       Chain mail        |    25 |    69 ||    94
Dodge: Dodged            |    68 |    38 ||   106
